 Dungeon Crawl Stone Soup version 0.19-a0-465-g1d1674b (webtiles) character file.

10361 Ijustatesigmund the Covert (level 11, -5/56 HPs)
             Began as a Spriggan Assassin on June 3, 2016.
             Was a Priest of Hepliaklqana.
             Slain by a phantasmal warrior (13 damage)
             ... led by a death knight
             ... while paralysed by Rupert
             ... on level 13 of the Dungeon.
             The game lasted 00:46:11 (12117 turns).

Ijustatesigmund the Covert (Spriggan Assassin)     Turns: 12117, Time: 00:46:11

Health: -5/56      AC:  4    Str:  5    XL:     11   Next: 35%
Magic:  17/17      EV: -1    Int: 15    God:    Hepliaklqana [***...]
Gold:   626        SH:  0    Dex: 21    Spells: 0 memorised, 10 levels left

rFire  . . .     SeeInvis +     v - +2 short sword (venom)
rCold  . . .     Gourm    .     c - +0 robe
rNeg   . . .     Faith    .     (shield restricted)
rPois  .         Spirit   .     (helmet restricted)
rElec  .         Dismiss  .     d - +1 cloak
rCorr  .         Reflect  .     (gloves unavailable)
SustAt .         Harm     .     (boots unavailable)
MR     +....                    (no amulet)
Stlth  +++++++...               t - -2 ring of strength (curse)
                                q - ring of stealth

@: paralysed, very quick, somewhat resistant to hostile enchantments, extremely
stealthy
A: unfitting armour, see invisible, clever 1, herbivore 3, speed 3, slow
metabolism 2, evolution 1, no device heal 1
a: Recall Ancestor, Ancestor Identity, Transference, Renounce Religion


You were on level 13 of the Dungeon.
You worshipped Hepliaklqana.
Hepliaklqana was most pleased with you.
You were not hungry.

You visited 3 branches of the dungeon, and saw 14 of its levels.

You collected 626 gold pieces.

Inventory:

Hand Weapons
 a - a +2 dagger
 b - a +0 blowgun
 v - a +2 short sword of venom (weapon)
Missiles
 e - 11 poisoned needles
 n - 3 tomahawks of returning (quivered)
Armour
 c - a +0 robe (worn)
 d - a +1 cloak (worn)
Jewellery
 p - an uncursed ring of resist corrosion
 q - a ring of stealth (left hand)
 s - an uncursed ring of protection from cold
 t - a cursed -2 ring of strength (right hand)
 w - an uncursed ring of protection from fire {unknown}
Wands
 f - a wand of random effects (25/48)
 m - a wand of flame (26/48)
 o - a wand of flame (25/48)
 r - a wand of digging (1/24)
 u - a wand of acid (5/15)
Scrolls
 i - a scroll of magic mapping
 j - 7 scrolls of identify
 k - 5 scrolls of teleportation
 x - 2 scrolls of remove curse
 y - a scroll of fog
Potions
 h - a potion of brilliance
 l - 2 potions of agility
Comestibles
 g - 5 bread rations
 z - 4 fruits


   Skills:
 - Level 6.0 Fighting
 - Level 9.0 Short Blades
 - Level 4.1 Throwing
 - Level 12.4 Dodging
 - Level 13.1 Stealth
 + Level 7.6 Invocations


You had 10 spell levels left.
You didn't know any spells.

Dungeon Overview and Level Annotations

Branches:
Dungeon (13/15)            Temple (1/1) D:5            Lair (1/8) D:11
 Vaults (0/5) D:13
    Orc: D:9-12

Altars:
Ashenzari
Cheibriados
Dithmenos
Elyvilon
Gozag
Hepliaklqana
Kikubaaqudgha
Makhleb
Nemelex Xobeh
Okawaru
Pakellas
Qazlal
Sif Muna
Trog
Vehumet
Xom
Yredelemnul
Zin

Portals:
Trove: D:11 (give horn of Geryon)

Annotations:
D:13 Donald, Rupert


Innate Abilities, Weirdness & Mutations

You are tiny and cannot use many weapons and most armour.
You have supernaturally acute eyesight. (SInv)
You are a herbivore.
You cover ground extremely quickly.
You need consume almost no food.
Your mind is acute. (Int +2)
You evolve.
Potions and wands are less effective at restoring your health.


Message History

The troll dies!
There is a stone staircase leading down here.
The shadow hits you.
* * * LOW HITPOINT WARNING * * *
You climb downwards. 17 humans, 4 wights, 2 wraiths, 2 skeletal warriors, Donald, Rupert and a tengu conjurer come into view.
Rupert is wielding a great mace of venom.
Donald is wielding a scimitar of protection.
A wight is wielding a falchion of slicing.
A wight is wielding a mace of freezing.
A skeletal warrior is wielding a mace of crushing.
The human shouts! x2
Found a papyrus book, 28 gold pieces and a scroll of remove curse.
Found a gate to the Vaults.
Found a stone staircase leading down and a stone staircase leading up.
There is a stone staircase leading up here.
The human shouts!
The death knight shouts!
The tengu conjurer shouts!
The human shouts! x2; Donald shouts!
The human shouts! x4
There is a stone staircase leading down here.
The human shouts!
Rupert shouts!
The human shouts!
Rupert yells loudly at you.
You suddenly lose the ability to move!
The wight hits you but does no damage. The phantasmal warrior hits you!
You die...

#..# .# #..#
..####.$######.
...........$...
...............
......p@.......
.....ppp.......
.....p∩pp....#
...@.p<@Wppp.#
....pppzpz.z.#
......pQz.W..#
.......pz....#
.......z.....#
.######..###...
#..# ##. #..#


You could see Rupert, Donald, a death knight, 2 skeletal warriors, a phantasmal
warrior, 16 humans, a wraith, a tengu conjurer and 4 wights.

Vanquished Creatures
  Maud (D:11)
  5 hill giants
  An ugly thing (D:12)
  A guardian mummy (D:11)
  A two-headed ogre (D:12)
  A troll (D:11)
  4 yaks (D:11)
  A hungry ghost (D:10)
  2 water moccasins
  A phantom (D:6)
  4 orc warriors
  4 ice beasts
  A wasp (D:8)
  An eye of draining (D:11)
  2 wolves (Lair:1)
  4 ogres
  2 centaurs
  3 giant frogs
  3 scorpions
  3 killer bees (D:10)
  3 wights
  3 electric eels (D:11)
  4 howler monkeys
  4 crimson imps
  2 centaur zombies
  3 hounds
  3 giant frog skeletons
  9 orc priests
  2 jellies
  5 orc wizards
  Terence (D:2)
  4 worker ants
  A sheep (D:11)
  A hound zombie (D:7)
  A mummy (D:12)
  3 gnolls (D:3)
  A worker ant zombie (D:10)
  13 adders
  A shadow imp (D:12)
  An ooze (D:4)
  2 adder zombies
  3 adder skeletons
  A worm (D:3)
  2 dart slugs
  2 giant geckos
  23 orcs
  A ball python (D:6)
  4 giant cockroaches
  9 goblins
  6 hobgoblins
  8 jackals
  4 kobolds
  5 quokkas
  8 bats
  A giant gecko skeleton (D:5)
  3 giant newts
  A jackal skeleton (D:6)
  13 rats
206 creatures vanquished.

Vanquished Creatures (collateral kills)
  A hill giant (D:11)
  A cyclops (D:11)
  A guardian mummy (D:11)
  A troll (D:12)
  A two-headed ogre (D:10)
  2 yaks (D:11)
  A sky beast (D:11)
  An orc warrior (D:12)
  An ogre (D:7)
  A phantom (D:10)
  A giant frog (D:6)
  3 killer bees (D:10)
  7 wights
  A jelly (D:11)
  A worker ant (D:11)
  2 sheep (D:11)
  A hound zombie (D:5)
  3 shadow imps
  2 giant geckos (D:11)
  6 orcs
  2 jackals (D:11)
40 creatures vanquished.

Vanquished Creatures (others)
  7 knights
  4 ancestors (D:7)
11 creatures vanquished.

Grand Total: 257 creatures vanquished

Notes
Turn   | Place    | Note
--------------------------------------------------------------
     0 | D:1      | Ijustatesigmund the Spriggan Assassin began the quest for the Orb.
     0 | D:1      | Reached XP level 1. HP: 10/10 MP: 2/2
   181 | D:1      | Reached skill level 6 in Stealth
   205 | D:1      | Reached XP level 2. HP: 7/14 MP: 3/3
   565 | D:3      | Found a shadowy altar of Dithmenos.
   737 | D:3      | Reached XP level 3. HP: 17/18 MP: 4/4
   851 | D:2      | Found a faded altar of an unknown god.
   854 | D:2      | Noticed Terence
   856 | D:2      | Reached skill level 7 in Stealth
   862 | D:2      | Killed Terence
   862 | D:2      | Reached XP level 4. HP: 18/22 MP: 5/5
  1855 | D:2      | Reached XP level 5. HP: 23/25 MP: 6/6
  1864 | D:2      | Found a shattered altar of Ashenzari.
  2672 | D:3      | Reached skill level 5 in Short Blades
  3111 | D:4      | Reached XP level 6. HP: 30/30 MP: 7/7
  3139 | D:4      | Found an oddly glowing altar of Pakellas.
  3193 | D:4      | Reached skill level 8 in Stealth
  3438 | D:4      | Reached XP level 7. HP: 29/35 MP: 8/8
  3525 | D:5      | Entered Level 5 of the Dungeon
  3527 | D:5      | Found a staircase to the Ecumenical Temple.
  3532 | Temple   | Entered the Ecumenical Temple
  3536 | Temple   | Became a worshipper of Hepliaklqana
  3601 | D:5      | Reached skill level 5 in Dodging
  4049 | D:5      | Found a white marble altar of Elyvilon.
  4445 | D:5      | Gained mutation: You evolve. [potion of beneficial mutation]
  4830 | D:6      | Reached XP level 8. HP: 28/42 MP: 9/9
  4943 | D:6      | Found an ancient bone altar of Kikubaaqudgha.
  4991 | D:6      | Reached skill level 1 in Invocations
  5170 | D:6      | Reached * piety under Hepliaklqana
  5321 | D:6      | Found an opulent altar of Gozag.
  5639 | D:7      | Reached skill level 9 in Stealth
  6395 | D:7      | Reached skill level 10 in Stealth
  6695 | D:7      | Reached XP level 9. HP: 45/45 MP: 13/13
  6776 | D:7      | Found a radiant altar of Vehumet.
  6886 | D:7      | Found an iron altar of Okawaru.
  6996 | D:7      | Reached skill level 5 in Invocations
  7105 | D:8      | Reached ** piety under Hepliaklqana
  7114 | D:8      | Remembered your ancestor Zitor as a knight
  7297 | D:8      | Found a sparkling altar of Nemelex Xobeh.
  7410 | D:8      | You fall through a shaft for 3 floors!
  7448 | D:10     | Entered Level 10 of the Dungeon
  7748 | D:10     | Reached skill level 11 in Stealth
  8093 | D:10     | Reached skill level 5 in Fighting
  8210 | D:10     | Noticed a hill giant
  8217 | D:10     | Killed a hill giant
  8217 | D:10     | Reached skill level 12 in Stealth
  8217 | D:10     | Reached XP level 10. HP: 46/51 MP: 15/15
  8259 | D:10     | Noticed a hill giant
  8280 | D:10     | Killed a hill giant
  8299 | D:10     | HP: 2/53 [poisoned by a water moccasin]
  8525 | D:10     | Noticed a hill giant
  8554 | D:10     | Killed a hill giant
  8557 | D:11     | Noticed Maud
  8717 | D:11     | Noticed a hill giant
  8718 | D:11     | Noticed a hill giant
  8737 | D:11     | Killed a hill giant
  8820 | D:11     | Noticed a cyclops
  8861 | D:11     | Killed a hill giant
  8861 | D:11     | Reached skill level 13 in Stealth
  9043 | D:11     | Killed a cyclops
  9166 | D:11     | Noticed a hill giant
  9180 | D:11     | Found a staircase to the Lair.
  9189 | Lair:1   | Entered Level 1 of the Lair of Beasts
  9489 | Lair:1   | Reached *** piety under Hepliaklqana
  9978 | D:12     | Noticed a red ugly thing
 10182 | D:11     | Gained mutation: Your mind is acute. (Int +2) [evolution]
 10211 | D:11     | Killed Maud
 10211 | D:11     | Reached XP level 11. HP: 10/56 MP: 16/16
 11243 | D:11     | Killed a hill giant
 11368 | D:11     | Found a portal to a secret trove of treasure.
 11746 | D:11     | Gained mutation: Potions and wands are less effective at restoring your health. [evolution]
 11983 | D:12     | Noticed a purple ugly thing
 12011 | D:12     | Killed a purple ugly thing
 12114 | D:13     | Found a gate to the Vaults.
 12114 | D:13     | Noticed Rupert
 12114 | D:13     | Noticed Donald
 12114 | D:13     | Noticed a skeletal warrior
 12114 | D:13     | Noticed a death knight
 12114 | D:13     | Noticed a skeletal warrior
 12114 | D:13     | Noticed a phantasmal warrior
 12116 | D:13     | Paralysed by Rupert for 3 turns
 12117 | D:13     | Slain by a phantasmal warrior

Vault maps used:
D:1:      minmay_arrival_doors
D:2:      ecumenical_altar_2, st_stairs_7, evilmike_ruin_ashenzari, uniq_terence
D:3:      old_standard_altar, grunt_ministairs_11
D:4:      johnstein_pakellas_dig
D:5:      temple_doors_e, first_bread, elyvilon_altar_1
D:6:      lemuel_round_altar, kennysheep_little_box, minmay_misc_feat_tiny
D:7:      overflow_temple_1_default, basic_altar, grunt_ogre_cave
D:8:      nemelex_deck
D:10:     minivault_20
D:11:     lair_0_dummy, nicolae_trove_entry_path_of_doom, uniq_maud
D:12:     david_orc_4, serial_undead, serial_undead_d, serial_undead_a,
          serial_undead_c, serial_undead_a
D:13:     david_vaults_3, kennysheep_minor_cross, minmay_strange_pillars
Temple:   minmay_freezing_vapour_temple_12
Lair:1:   kennysheep_rathole

Skill      XL: |  1  2  3  4  5  6  7  8  9 10 11 |
---------------+----------------------------------+-----
Stealth        | 6 7 8 10 12 13 | 13.1
Short Blades   | 3 4 5 6 7 8 9 |  9.0
Dodging        | 2 3 4 6 11 12 | 12.4
Fighting       | 2 4 5 6 |  6.0
Invocations    | 4 6 7 |  7.6
Throwing       | 4 |  4.1

Action                   |  1- 3 |  4- 6 |  7- 9 | 10-12 || total
-------------------------+-------+-------+-------+-------++-------
Melee: Dagger            |    97 |   188 |   388 |    22 ||   695
       Short sword       |       |       |       |   274 ||   274
 Fire: Blowgun           |     9 |    32 |    22 |    60 ||   123
Throw: Tomahawk          |       |       |     1 |       ||     1
Invok: Recall Ancestor   |       |       |     8 |     8 ||    16
       Ancestor Life: Kn |       |       |     1 |       ||     1
       Transference      |       |       |       |     1 ||     1
Evoke: Wand              |       |       |     1 |       ||     1
  Use: Scroll            |     4 |     4 |     5 |     5 ||    18
       Potion            |       |       |     4 |     4 ||     8
 Stab: Sleeping          |    11 |    15 |    35 |     5 ||    66
       Distracted        |       |       |     2 |     3 ||     5
  Eat: Pizza             |       |       |     1 |       ||     1
       Royal jelly       |       |       |     1 |       ||     1
       Bread ration      |       |       |     1 |       ||     1
Armor: Robe              |    14 |    15 |     9 |    10 ||    48
Dodge: Dodged            |    77 |   116 |   258 |   251 ||   702
